 Dungeon Crawl Stone Soup version 0.16-a0-3987-g5719e88 (webtiles) character file.

3213 MrRokkomies the Carver (level 9, -1/91 HPs)
             Began as a Deep Dwarf Berserker on Feb 12, 2015.
             Was a High Priest of Trog.
             Slain by an orc knight
             ... wielding a +0 glaive
              (14 damage)
             ... in a bailey.
             The game lasted 00:27:42 (6244 turns).

MrRokkomies the Carver (Deep Dwarf Berserker)       Turns: 6244, Time: 00:27:42

Health: -1/91      AC: 16    Str: 22    XL:     9   Next: 65%
Magic:  9/9        EV:  8    Int:  7    God:    Trog [*****.]
Gold:   135        SH:  0    Dex: 15    Spells: 0 memorised, 8 levels left

rFire  + . .     SeeInvis .     a - +0 great sword
rCold  . . .     Clarity  .     A - +0 chain mail
rNeg   . . .     SustAb   .     (no shield)
rPois  +         Gourm    .     i - +1 helmet
rElec  .         Spirit   .     t - +0 cloak
rCorr  .         Warding  .     q - +0 pair of gloves
rMut   .         Stasis   .     B - +2 pair of boots
MR     +....                    (no amulet)
Stlth  ..........               K - ring of poison resistance
                                s - ring of protection from fire

@: non-regenerating, somewhat resistant to hostile enchantments, extremely
unstealthy
A: damage resistance, recharge devices, sense surroundings 2, slow healing 3
a: Device Recharging, Burn Spellbooks, Berserk, Trog's Hand, Brothers in Arms,
Renounce Religion


You were in a bailey.
You worshipped Trog.
Trog was extremely pleased with you.
You were hungry.

You visited 1 branch of the dungeon, and saw 8 of its levels.
You also visited: Bailey.

You collected 335 gold pieces.
You spent 200 gold pieces at shops.

Inventory:

Hand weapons
 a - a +0 great sword (weapon)
 b - a +0 blowgun
 h - a +0 falchion of freezing
Missiles
 p - 42 bolts
Armour
 i - a +1 helmet (worn)
 q - a +0 pair of gloves (worn)
 t - a +0 cloak (worn)
 A - a +0 chain mail (worn)
 B - a +2 pair of boots (worn)
Jewellery
 s - a ring of protection from fire (left hand)
 z - an uncursed ring of protection from fire
 K - a ring of poison resistance (right hand)
Magical devices
 c - a wand of heal wounds (2)
 y - a wand of fire (2)
 E - a wand of slowing (31)
 H - a wand of frost (21)
 I - a wand of flame (16)
Scrolls
 j - 3 scrolls of teleportation
 n - 2 scrolls of fog
 v - 3 scrolls of remove curse
 D - a scroll of recharging
 J - a scroll of enchant armour
 L - 2 scrolls of magic mapping
Potions
 e - 2 potions of heal wounds
 l - 3 potions of brilliance
 m - 4 potions of curing
 o - 2 potions of might
 w - a potion of restore abilities
 C - a potion of agility
 G - a potion of resistance {unknown}
Books
 r - a book of Flames

   Spells                             Type                      Level
   a - Flame Tongue                   Conjuration/Fire             1
   b - Throw Flame                    Conjuration/Fire             2
   c - Conjure Flame                  Conjuration/Fire             3
   d - Inner Flame                    Hexes/Fire                   3
   e - Sticky Flame                   Conjuration/Fire             4
   f - Fireball                       Conjuration/Fire             5
   Trog disapproves of the use of such an item.
 x - a book of Air

   Spells                             Type                      Level
   a - Shock                          Conjuration/Air              1
   b - Swiftness                      Charms/Air                   2
   c - Repel Missiles                 Charms/Air                   2
   d - Flight                         Charms/Air                   3
   e - Static Discharge               Conjuration/Air              3
   f - Lightning Bolt                 Conjuration/Air              5
   Trog disapproves of the use of such an item.
Comestibles
 d - 9 bread rations
 f - 2 meat rations
 M - 4 fruits
 O - 2 beef jerkies
 P - 7 slices of pizza


   Skills:
 * Level 9.2 Fighting
 * Level 10.2 Long Blades
 - Level 2.1 Armour
 - Level 2.1 Dodging


You had 8 spell levels left.
You didn't know any spells.

Dungeon Overview and Level Annotations

Branches:
Dungeon (8/15)             Temple (0/1) D:5
   Lair: D:8-11

Altars:
Dithmenos

Shops:
D:4 =[}


Innate Abilities, Weirdness & Mutations

You are resistant to damage.
You can recharge devices by infusing magical energy.
You passively map the area around you.
You do not heal naturally.


Message History

The orc warrior shoots a bolt.
The bolt hits you!
Drink which item? (? for menu, Esc to quit)
Okay, then.
Unknown command.
Read which item? (? for menu, Esc to quit)
Okay, then.
Unknown command.
The orc warrior shoots a bolt.
The bolt barely misses you.
You see here a bolt.
The orc warrior shoots a bolt.
The bolt hits you!!
* * * LOW HITPOINT WARNING * * *
The orc knight barely misses you.
You see here a bolt.
The orc warrior shoots a bolt.
The bolt hits you!
* * * LOW HITPOINT WARNING * * *
You see here a bolt.
The orc knight roars a battlecry!
The orc goes into a battle-frenzy!
The orc knight hits you from afar with a glaive!
You die...

### #########\## * *
, ##@..(.##.\.# ,
#..≈≈≈.(#(.(#..≈≈ ,
,#.≈≈o≈≈.......≈≈o≈≈
,,,+.≈oo)≈.......≈ooo
#.≈≈(≈≈.......≈≈o≈ *
, #..≈≈≈..#...#..≈≈≈
##.....##...##... * ,
#########\## ##* **
###


You could see an orc knight, an orc warrior (frenzied) and an orc (frenzied).

Vanquished Creatures
  An orc knight (Bailey)
  2 yaks (D:7)
  A human (D:7)
  A hog (D:7)
  2 ice beasts
  2 ogres
  A phantom (D:5)
  A black bear (D:6)
  3 centaurs (D:5)
  4 scorpions
  3 killer bees (D:7)
  3 wights (D:6)
  An electric eel (D:7)
  A centaur zombie (D:5)
  A crimson imp (D:4)
  A giant frog zombie (D:7)
  4 hounds
  4 orc priests
  4 worker ants
  3 iguanas
  4 orc wizards
  A sheep (D:7)
  A hound zombie (D:5)
  2 hound skeletons
  Robin (D:2)
  9 adders
  3 gnolls
  3 giant mites
  2 worms (D:3)
  2 adder skeletons
  An adder zombie (D:5)
  5 giant geckos
  2 oozes (D:3)
  16 orcs
  9 bats
  2 bat skeletons
  18 goblins
  10 hobgoblins
  11 jackals
  3 quokkas
  A ball python (D:3)
  2 giant cockroaches
  6 giant newts
  15 kobolds
  16 rats
188 creatures vanquished.

Vanquished Creatures (others)
  A giant spore (D:6)
1 creature vanquished.

Grand Total: 189 creatures vanquished

Notes
Turn   | Place    | Note
--------------------------------------------------------------
     0 | D:1      | MrRokkomies, the Deep Dwarf Berserker, began the quest for the Orb.
     0 | D:1      | Reached XP level 1. HP: 20/20 MP: 1/1
   151 | D:1      | Reached XP level 2. HP: 22/28 MP: 2/2
   368 | D:1      | Acquired Trog's second power
   422 | D:1      | Reached XP level 3. HP: 23/34 MP: 3/3
   568 | D:2      | Noticed Robin
   583 | D:2      | Killed Robin
   942 | D:2      | Reached skill level 4 in Long Blades
  1166 | D:2      | Reached XP level 4. HP: 13/44 MP: 4/4
  1682 | D:3      | Reached XP level 5. HP: 25/50 MP: 5/5
  2172 | D:3      | Reached skill level 5 in Long Blades
  2483 | D:4      | Reached XP level 6. HP: 41/58 MP: 6/6
  2562 | D:4      | Acquired Trog's third power
  2768 | D:4      | Noticed an ogre
  2778 | D:4      | Killed an ogre
  2778 | D:4      | Reached skill level 5 in Fighting
  2829 | D:4      | Found Amali's Gadget Emporium.
  2952 | D:4      | Found Plaom's Jewellery Shoppe.
  3007 | D:4      | Found Plog's Antique Armour Emporium.
  3117 | D:4      | Reached skill level 6 in Long Blades
  3182 | D:4      | Reached XP level 7. HP: 30/67 MP: 7/7
  3486 | D:5      | Entered Level 5 of the Dungeon
  3903 | D:5      | Reached skill level 7 in Long Blades
  4065 | D:5      | Found a staircase to the Ecumenical Temple.
  4080 | D:5      | Reached XP level 8. HP: 35/78 MP: 8/8
  4391 | D:6      | Reached skill level 8 in Long Blades
  5421 | D:4      | Bought an uncursed ring of poison resistance for 200 gold pieces
  5521 | D:7      | Gained mutation: You passively map the area around you. [level up]
  5521 | D:7      | Reached XP level 9. HP: 23/88 MP: 9/9
  5542 | D:7      | Reached skill level 9 in Long Blades
  6007 | D:7      | Found a shadowy altar of Dithmenos.
  6188 | D:8      | Found a flagged portal.
  6200 | Bailey   | Entered a bailey
  6200 | Bailey   | Noticed an orc knight
  6200 | Bailey   | Noticed an orc knight
  6201 | Bailey   | Noticed an orc knight
  6201 | Bailey   | Noticed an orc knight
  6234 | Bailey   | Killed an orc knight
  6234 | Bailey   | Reached skill level 10 in Long Blades
  6244 | Bailey   | Slain by an orc knight

Action                   |  1- 3 |  4- 6 |  7- 9 || total
-------------------------+-------+-------+-------++-------
Melee: Falchion          |   101 |   340 |   286 ||   727
       Great sword       |       |       |   160 ||   160
 Fire: Blowgun           |       |       |    28 ||    28
Invok: Berserk           |     1 |     3 |     4 ||     8
       Trog's Hand       |       |     1 |     4 ||     5
Evoke: Wand              |       |     4 |     5 ||     9
  Use: Scroll            |     6 |     7 |     3 ||    16
  Eat: Chunk             |     1 |    11 |    10 ||    22
       Meat ration       |       |       |     1 ||     1
